 Dungeon Crawl Stone Soup version 0.29-a0-338-g1ff7896281 (webtiles) character file.

Game seed: 9818780036144665985

32 bande the Skirmisher (level 3, 0/24 HPs)
             Began as a Gargoyle Fighter on Apr 18, 2022.
             Frozen to death by an endoplasm (5 damage)
             ... on level 3 of the Dungeon.
             The game lasted 00:02:07 (1157 turns).

bande the Skirmisher (Gargoyle Fighter)             Turns: 1157, Time: 00:02:08

Health: 0/24       AC: 12    Str: 19    XL:     3   Next: 27%
Magic:  3/3        EV:  4    Int:  8    God:
Gold:   74         SH:  4    Dex: 11    Spells: 2/2 levels left

rFire   . . .      SeeInvis .   a - +0 war axe
rCold   . . .      Faith    .   c - +0 buckler
rNeg    + . .      Spirit   .   k - +0 chain mail
rPois   ∞          Reflect  .   (no helmet)
rElec   +          Harm     .   (no cloak)
rCorr   +          Rampage  .   (no gloves)
Will    .....                   (no boots)
Stlth   ..........              (no amulet)
HPRegen 0.08/turn               g - ring of resist corrosion
MPRegen 0.08/turn               (no ring)

@: constricted
A: sickness immunity, AC +3, negative energy resistance 1, electricity
resistance, torment resistance 1, petrification resistance
a: no special abilities


You were on level 3 of the Dungeon.
You visited 1 branch of the dungeon, and saw 3 of its levels.

You collected 74 gold pieces.

Inventory:

Hand Weapons
 a - a +0 war axe (weapon)
Armour
 c - a +0 buckler (worn)
 k - a +0 chain mail (worn)
Jewellery
 g - a ring of resist corrosion (left hand)
Scrolls
 f - 2 scrolls of identify
Potions
 b - a potion of cancellation
 d - 2 potions of might
 h - a potion of mutation


   Skills:
 + Level 3.7 Fighting
 + Level 2.1 Axes
 + Level 3.7 Armour
 + Level 3.7 Shields


You had 2 spell levels left.
You didn't know any spells.
Your spell library was empty.

Dungeon Overview and Level Annotations

Branches:
Dungeon (3/15)

Altars:


Innate Abilities, Weirdness & Mutations

You are immune to sickness and miasma.
Your stone body is resilient. (AC +3)
You are immune to poison.
You resist negative energy. (rN+)
You are resistant to electric shocks. (rElec)
You are resistant to unholy torment.
You are immune to petrification.


Message History

The ball python constricts you. The rat barely misses you.
The endoplasm barely misses you. The kobold hits you but does no damage.
You barely miss the rat.
The rat is heavily wounded.
You hit the endoplasm. You closely miss the ball python.
You closely miss the kobold. You block the ball python's attack.
The ball python constricts you. The kobold hits you but does no damage.
The rat bites you but does no damage.
The endoplasm hits you but does no damage.
A dart slug comes into view.
You block the ball python's attack. The ball python constricts you.
Unknown command.
You barely miss the ball python. You slash the kobold!
You kill the kobold!
You closely miss the rat. You hit the endoplasm.
You kill the endoplasm!
The ball python bites you. The ball python constricts you.
The rat bites you but does no damage. The rat barely misses you.
The endoplasm hits you but does no damage.
The ball python bites you but does no damage.
The ball python constricts you.
You closely miss the ball python. You slash the rat!
You kill the rat!
You hit the endoplasm but do no damage.
The ball python bites you but does no damage.
The ball python constricts you. The endoplasm freezes you.
You are frozen.
You closely miss the ball python. You hit the endoplasm.
The ball python bites you but does no damage.
The ball python constricts you. The endoplasm freezes you.
You are frozen.
* * * LOW HITPOINT WARNING * * *
The ball python bites you.
* * * LOW HITPOINT WARNING * * *
The ball python constricts you. The endoplasm freezes you.
You are frozen.
You die...

##### ##...##
##.....##
#.......#
#.......#
###.......#
#......@w##
..#...JS).# .
#..........
#.......##...
##?....## ..
##...## .
#####


You could see a dart slug, an endoplasm and a ball python.

Vanquished Creatures
  An adder (D:2)
  2 endoplasms
  6 goblins
  2 hobgoblins (D:1)
  3 kobolds
  4 ball pythons
  3 bats
  2 frilled lizards
  A rat (D:3)
24 creatures vanquished.

Notes
Turn   | Place    | Note
-------+----------+-------------------------------------------
     0 | D:1      | bande the Gargoyle Fighter began the quest for the Orb.
     0 | D:1      | Reached XP level 1. HP: 14/14 MP: 1/1
    80 | D:1      | Found a faded altar of an unknown god.
   127 | D:1      | Reached XP level 2. HP: 16/19 MP: 2/2
   238 | D:1      | You fall into a shaft and drop 1 floor!
   730 | D:2      | Reached XP level 3. HP: 23/24 MP: 3/3
  1157 | D:3      | Frozen to death by an endoplasm

Illustrated notes

Levels and vault maps discovered:
D:1:      dpeg_arrival_rooms_b, layout_rooms, basic_ecumenical_altar
D:2:      layout_loops_ring
D:3:      minmay_diamond_boxcup, layout_rooms, mainiacjoe_overflow_catwalk,
          pf_guarded_unrand_woodcutter

Skill      XL: |  1  2 |
---------------+-------+-----
Axes           | 2 |  2.1
Fighting       | |  3.7
Armour         | |  3.7
Shields        | |  3.7

Action                   || total
-------------------------++-------
Melee: War axe           ||    74
  Use: Scroll            ||     7
Armor: Scale mail        ||    17
       Chain mail        ||    41
Dodge: Dodged            ||    34
Block: Buckler           ||    22

Table legend: (Time is in decaauts)
 A = Elapsed time spent in this place.
 B = Non-inter-level travel time spent in this place.
 C = Inter-level travel time spent in this place.
 D = Time resting spent in this place.
 E = Time spent auto-exploring this place.
 F = Levels seen in this place.
 G = Mean time per level.
                   A        B        C        D        E       F      G
               +--------+--------+--------+--------+--------+-----+--------+
         Total |   1188 |   1169 |     19 |      0 |    880 |   3 |  396.0 |
       Dungeon |   1188 |   1169 |     19 |      0 |    880 |   3 |  396.0 |
               +--------+--------+--------+--------+--------+-----+--------+

Top non-repeatable levels by time:
     D:2: 609 daAuts
     D:1: 561 daAuts
     D:3: 17 daAuts
